 Dungeon Crawl Stone Soup version 0.17-a0-2122-g03d97ec (webtiles) character file.

686 4thArraOfDagon the Chopper (level 7, -17/62 HPs)
             Began as a Minotaur Berserker on Oct 21, 2015.
             Was a Believer of Trog.
             Demolished by an orc warrior
             ... wielding a +0 glaive
              (20 damage)
             ... in a bailey.
             The game lasted 00:06:40 (1164 turns).

4thArraOfDagon the Chopper (Minotaur Berserker)     Turns: 1164, Time: 00:06:40

Health: -17/62     AC: 11    Str: 24    XL:     7   Next: 35%
Magic:  4/4        EV:  9    Int:  4    God:    Trog [**....]
Gold:   3          SH:  0    Dex:  9    Spells: 0 memorised, 6 levels left

rFire  + . .     SeeInvis .     b - scroll of enchant weapon {unknown}
rCold  . . .     Clarity  .     s - +0 chain mail {rF+}
rNeg   . . .     SustAt   .     (no shield)
rPois  .         Gourm    .     (helmet unavailable)
rElec  .         Spirit   .     (no cloak)
rCorr  .         Warding  .     d - +0 pair of gloves
rMut   .         Stasis   .     (no boots)
MR     +....                    (no amulet)
Stlth  ..........               (no ring)
                                (no ring)

@: somewhat resistant to hostile enchantments, extremely unstealthy
A: retaliatory headbutt, horns 3, deterioration 1, low mp 2, magic resistance 1
a: Berserk, Trog's Hand, Burn Spellbooks, Renounce Religion


You were in a bailey.
You worshipped Trog.
Trog was pleased with you.
You were not hungry.

You visited 1 branch of the dungeon, and saw 10 of its levels.
You also visited: Bailey.

You collected 67 gold pieces.
You spent 64 gold pieces at shops.

Inventory:

Hand Weapons
 a - a +0 hand axe
Armour
 d - a +0 pair of gloves (worn)
 s - a +0 chain mail of fire resistance (worn)
Magical Staves
 o - an uncursed staff of poison {unknown}
Wands
 l - a wand of fireball (0)
Scrolls
 b - a scroll of enchant weapon (in hand) {unknown}
 h - a scroll of teleportation {unknown}
 m - a scroll of recharging {unknown}
 q - a scroll of fear {unknown}
Potions
 j - a potion of agility {unknown}
 k - a potion of berserk rage
 n - a potion of degeneration {unknown}
 p - a potion of lignification {unknown}
Comestibles
 c - 8 chunks of flesh
 g - a meat ration


   Skills:
 + Level 5.9 Fighting
 * Level 7.9 Axes
 + Level 5.2 Armour
 - Level 2.1 Dodging


You had 6 spell levels left.
You didn't know any spells.

Dungeon Overview and Level Annotations

Branches:
Dungeon (10/15)
 Temple: D:4-7         Lair: D:8-11         Orc: D:9-12

Altars:

Shops:
D:9 !


Innate Abilities, Weirdness & Mutations

You reflexively headbutt those who attack you in melee.
You have a pair of large horns on your head.
Your body sometimes deteriorates upon taking damage.
Your magical capacity is very low (-20% MP).
You are resistant to hostile enchantments.


Message History

c - 8 chunks of flesh (gained 2)
Things that are here:
a halberd; a ring mail; an orc skeleton Read which item? (? for menu, Esc to quit)
Okay, then.
Wield which item (- for none, * to show all)? (? for menu, Esc to quit)
b - a scroll labeled LYOLASE ZITA (in hand)
You swing at nothing.
You swing at nothing.
You swing at nothing.
You swing at nothing.
The orc warrior shouts!
You hear a shout!
The orc warrior hits you with a glaive!
You swing at nothing.
The orc warrior hits you with a glaive!
* * * LOW HITPOINT WARNING * * *
You swing at nothing.
The orc warrior hits you with a glaive.
* * * LOW HITPOINT WARNING * * *
You swing at nothing.
The orc warrior hits you with a glaive!!
You die...

########### ##.........##
##..≈≈≈≈≈≈≈..##
##..≈≈.....≈≈..##
##########..≈≈..###..≈≈..#####
#..........≈≈..## ##..≈≈......
#.≈≈≈≈≈≈≈≈≈≈o@##.∩.##..≈≈≈≈≈≈≈
#.≈..........##.....##........
#.≈.#########+ ##+## #########
#.≈.## # #.≈..## ## #.≈≈..## #
##. #∩.≈≈..#'# #.o ##.≈≈..#'#
#.. #.≈≈..##.## ##.


You could see an orc warrior.

Vanquished Creatures
  A hippogriff (D:9)
  A hungry ghost (D:10)
  2 orc warriors (Bailey)
  A giant frog zombie (D:5)
  A hound (D:9)
  A crimson imp (D:10)
  2 orc wizards
  An orc priest (D:10)
  A shadow imp (D:7)
  An ooze (D:3)
  A giant gecko (D:6)
  14 orcs
  A ball python (D:7)
  2 giant newts
  A rat (D:3)
31 creatures vanquished.

Notes
Turn   | Place    | Note
--------------------------------------------------------------
     0 | D:1      | 4thArraOfDagon the Minotaur Berserker began the quest for the Orb.
     0 | D:1      | Reached XP level 1. HP: 19/19 MP: 0/0
   106 | D:3      | Reached skill level 4 in Axes
   217 | D:3      | FUCK
   241 | D:4      | Noticed an orc wizard
   245 | D:4      | Reached XP level 2. HP: 27/27 MP: 1/1
   247 | D:4      | Killed an orc wizard
   247 | D:4      | Reached XP level 3. HP: 33/33 MP: 2/2
   315 | D:5      | Entered Level 5 of the Dungeon
   322 | D:5      | Reached skill level 5 in Axes
   322 | D:5      | Reached XP level 4. HP: 40/40 MP: 3/3
   358 | D:5      | Noticed an ogre
   506 | D:9      | Found Goroisut's Distillery.
   511 | D:9      | Noticed a hippogriff
   517 | D:9      | Killed a hippogriff
   517 | D:9      | Reached skill level 5 in Fighting
   517 | D:9      | Reached skill level 6 in Axes
   517 | D:9      | Reached XP level 5. HP: 48/48 MP: 4/4
   544 | D:9      | Bought a potion of mutation for 32 gold pieces
   544 | D:9      | Bought a potion of mutation for 32 gold pieces
   544 | D:9      | Gained mutation: Your body sometimes deteriorates upon taking damage. [potion of mutation]
   544 | D:9      | Gained mutation: You are resistant to hostile enchantments. [potion of mutation]
   544 | D:9      | Gained mutation: Your magical capacity is low (-10% MP). [potion of mutation]
   545 | D:9      | Gained mutation: You have a pair of large horns on your head. [potion of mutation]
   545 | D:9      | Gained mutation: Your magical capacity is very low (-20% MP). [potion of mutation]
   546 | D:9      | :(
   549 | D:9      | Noticed an ogre
   558 | D:9      | You fall through a shaft!
   558 | D:10     | Entered Level 10 of the Dungeon
   559 | D:10     | Reached ** piety under Trog
   559 | D:10     | Reached XP level 6. HP: 56/56 MP: 3/3
   629 | D:10     | Noticed a hungry ghost
   648 | D:10     | Killed a hungry ghost
   648 | D:10     | Reached skill level 7 in Axes
   707 | D:10     | Found a flagged portal.
   717 | Bailey   | Entered a bailey
   841 | Bailey   | Reached skill level 5 in Armour
   841 | Bailey   | Reached XP level 7. HP: 33/62 MP: 4/4
  1163 | Bailey   | HP: 3/62 [orc warrior/glaive (6)]
  1164 | Bailey   | Demolished by an orc warrior

Vault maps used:
D:1:      erik_arrival_orb_chamber
D:2:      old_standard_altar
D:4:      minmay_temple_entry_mist, first_bread, st_stairs_6
D:5:      yredelemnul_altar_generic
D:6:      uniq_edmund
D:7:      serial_shops, nicolae_shop_statue_plus, grunt_ogre_cave, uniq_duvessa,
          uniq_joseph, uniq_pikel
D:8:      kennysheep_mini_moat, hangedman_incinerator, uniq_erica,
          uniq_gastronok
D:9:      serial_shops, nicolae_shop_crystal, uniq_grum
D:10:     enter_bailey_8
Bailey:   bailey_polearm_1, bailey

Action                   |  1- 3 |  4- 6 |  7- 9 || total
-------------------------+-------+-------+-------++-------
Melee: Hand axe          |    11 |    29 |    16 ||    56
Invok: Berserk           |     2 |     5 |     1 ||     8
       Trog's Hand       |       |     3 |     1 ||     4
Evoke: Wand              |       |     4 |       ||     4
  Use: Potion            |       |     3 |     1 ||     4
       Scroll            |       |     3 |       ||     3
  Eat: Chunk             |       |     5 |     2 ||     7
       Bread ration      |       |     1 |       ||     1
